[ AOE2 MATCH · #471674993 ]
UnrankedSpanish vs Celts
[ REPLAY ANALYSIS · EXTRACTED FROM THE RECORDED GAME ]
Feudal
—
Castle
—
Imperial
—
| APM avg | 21.4 |
| APM peak | 80 |
| eAPM avg | 15.3 |
| Villagers / military | 115 / 677 |
Focus
⚔️ 64.7% · 🌾 35.3%
Spearman ×500 · Knight ×156 · Trade Cart ×42 · Bombard Cannon ×21
Feudal
—
Castle
—
Imperial
—
| APM avg | 23.3 |
| APM peak | 73 |
| eAPM avg | 15.0 |
| Villagers / military | 105 / 424 |
Focus
⚔️ 59.5% · 🌾 40.5%
Skirmisher ×157 · Scout Cavalry ×115 · Fire Lancer ×52 · Iron Pagoda ×43 · Battering Ram ×26 · Spearman ×26
Feudal
—
Castle
—
Imperial
—
| APM avg | 18.9 |
| APM peak | 53 |
| eAPM avg | 15.8 |
| Villagers / military | 166 / 648 |
Focus
⚔️ 41.5% · 🌾 58.5%
Spearman ×400 · Mangonel ×108 · Woad Raider ×104 · Battering Ram ×35 · Trade Cart ×19 · Monk ×1
Feudal
—
Castle
—
Imperial
—
| APM avg | 18.2 |
| APM peak | 110 |
| eAPM avg | 16.4 |
| Villagers / military | 128 / 735 |
Focus
⚔️ 35.4% · 🌾 64.6%
Longbowman ×366 · Militia ×293 · Trade Cart ×36 · Archer ×34 · Trebuchet (Packed) ×21 · Spearman ×20
Feudal
—
Castle
—
Imperial
—
| APM avg | 28.8 |
| APM peak | 76 |
| eAPM avg | 19.7 |
| Villagers / military | 164 / 405 |
Focus
⚔️ 44.7% · 🌾 55.3%
Hussite Wagon ×301 · Trade Cart ×68 · Bombard Cannon ×65 · Spearman ×36 · Mangonel ×3
Feudal
—
Castle
—
Imperial
—
| APM avg | 25.0 |
| APM peak | 78 |
| eAPM avg | 12.9 |
| Villagers / military | 125 / 359 |
Focus
⚔️ 25.2% · 🌾 74.8%
Knight ×321 · Trade Cart ×33 · Mangonel ×18 · Bombard Cannon ×17 · Monk ×2 · Scout Cavalry ×1
Feudal
—
Castle
—
Imperial
—
| APM avg | 17.4 |
| APM peak | 47 |
| eAPM avg | 15.2 |
| Villagers / military | 137 / 1350 |
Focus
⚔️ 50.8% · 🌾 49.2%
Skirmisher ×412 · Spearman ×338 · Hussite Wagon ×200 · Scorpion ×122 · Knight ×99 · Hand Cannoneer ×69
Feudal
—
Castle
—
Imperial
—
| APM avg | 24.8 |
| APM peak | 95 |
| eAPM avg | 16.2 |
| Villagers / military | 247 / 855 |
Focus
⚔️ 34.1% · 🌾 65.9%
Scout Cavalry ×736 · Ballista Elephant ×105 · Trebuchet (Packed) ×14 · Trade Cart ×9
Match map
Initial resources + every placement click. Lines = walls · curves = elevation contours. ◆ gold · ⬟ stone · ● berries · ✦ relic · ◌ wall gap
Your base· ✓ Closed at 17:23 · 0t walls · fragile
gpascual92's base· ✓ Closed at 20:01 · 20t walls · 2 gate(s) · fragile
Jaereg's base· ✓ Closed at 17:44 · 0t walls · no gate
SkilzDatKilz845's base· ✓ Closed at 19:45 · 40t walls · 2 gate(s)
FuuraaX's base· ✓ Closed at 21:15 · 50t walls · no gate
Scout22562's base· ✓ Closed at 21:31 · 52t walls · 1 gate(s)
waqarulhaq129's base· ✓ Closed at 15:05 · 0t walls · fragile
★秧★FISHY's base· ✓ Closed at 18:05 · 13t walls · 1 gate(s)
Smoothed initial terrain · ◌ = detected wall gap · hover for details
Inputs per minute
— Black-hayce - - gpascual92
Build order — Black-hayce
First 150 of 992 actions detected
| 0:02 | Research | Loom |
| 0:02 | Create | Villager (Male) |
| 0:03 | Create | Villager (Male) |
| 0:03 | Create | Villager (Male) |
| 0:08 | Build | House |
| 0:12 | Build | House |
| 0:17 | Build | House |
| 1:20 | Create | Villager (Male) |
| 1:20 | Create | Villager (Male) |
| 2:28 | Create | Villager (Male) |
| 2:28 | Create | Villager (Male) |
| 3:00 | Create | Villager (Male) |
| 3:00 | Create | Villager (Male) |
| 3:35 | Create | Villager (Male) |
| 3:35 | Create | Villager (Male) |
| 3:45 | Create | Villager (Male) |
| 3:45 | Create | Villager (Male) |
| 4:18 | Create | Villager (Male) |
| 4:18 | Create | Villager (Male) |
| 4:37 | Create | Villager (Male) |
| 4:38 | Create | Villager (Male) |
| 5:16 | Create | Villager (Male) |
| 5:16 | Create | Villager (Male) |
| 5:50 | Create | Villager (Male) |
| 5:50 | Create | Villager (Male) |
| 6:23 | Create | Villager (Male) |
| 6:51 | Build | Lumber Camp |
| 7:07 | Create | Villager (Male) |
| 7:07 | Create | Villager (Male) |
| 7:07 | Create | Villager (Male) |
| 7:07 | Create | Villager (Male) |
| 7:54 | Create | Villager (Male) |
| 8:02 | Build | House |
| 8:05 | Build | House |
| 8:54 | Create | Villager (Male) |
| 8:54 | Create | Villager (Male) |
| 8:55 | Create | Villager (Male) |
| 10:09 | Create | Villager (Male) |
| 10:10 | Create | Villager (Male) |
| 10:30 | Create | Villager (Male) |
| 10:50 | Build | Mining Camp |
| 11:14 | Build | Mill |
| 11:40 | Create | Villager (Male) |
| 11:56 | Build | Farm |
| 12:10 | Build | House |
| 12:12 | Build | House |
| 12:18 | Build | Farm |
| 12:20 | Create | Villager (Male) |
| 12:21 | Create | Villager (Male) |
| 12:50 | Build | Farm |
| 13:11 | Create | Villager (Male) |
| 13:15 | Build | Farm |
| 13:20 | Research | Feudal Age |
| 13:39 | Build | House |
| 13:42 | Build | House |
| 14:34 | Create | Villager (Male) |
| 14:34 | Create | Villager (Male) |
| 15:17 | Build | Farm |
| 15:46 | Create | Villager (Male) |
| 16:20 | Build | Farm |
| 16:33 | Build | Market |
| 16:44 | Build | Farm |
| 16:55 | Build | Blacksmith |
| 17:05 | Build | Farm |
| 17:23 | Research | Castle Age |
| 17:34 | Research | Horse Collar |
| 19:06 | Build | Mining Camp |
| 19:17 | Build | Farm |
| 19:21 | Build | Farm |
| 19:24 | Build | Farm |
| 19:27 | Build | Farm |
| 19:31 | Build | Farm |
| 19:34 | Build | Farm |
| 20:07 | Build | Monastery |
| 20:11 | Build | University |
| 20:15 | Research | Double-Bit Axe |
| 20:17 | Create | Villager (Male) |
| 20:17 | Create | Villager (Male) |
| 21:03 | Build | Farm |
| 21:07 | Create | Villager (Male) |
| 21:13 | Build | Farm |
| 21:33 | Create | Villager (Male) |
| 21:33 | Create | Villager (Male) |
| 21:33 | Create | Villager (Male) |
| 22:50 | Research | Imperial Age |
| 23:13 | Build | Town Center |
| 23:26 | Build | Town Center |
| 23:38 | Create | Villager (Male) |
| 23:39 | Create | Villager (Male) |
| 23:40 | Create | Villager (Male) |
| 23:41 | Create | Villager (Male) |
| 24:19 | Create | Villager (Male) |
| 24:19 | Create | Villager (Male) |
| 24:20 | Create | Villager (Male) |
| 24:20 | Create | Villager (Male) |
| 24:20 | Create | Villager (Male) |
| 24:20 | Create | Villager (Male) |
| 24:48 | Create | Villager (Male) |
| 24:48 | Create | Villager (Male) |
| 25:13 | Build | Farm |
| 25:18 | Create | Villager (Male) |
| 25:18 | Create | Villager (Male) |
| 25:21 | Create | Villager (Male) |
| 25:21 | Create | Villager (Male) |
| 25:58 | Build | Castle |
| 26:03 | Create | Villager (Male) |
| 26:22 | Build | House |
| 26:25 | Build | House |
| 26:30 | Build | House |
| 26:33 | Build | House |
| 26:41 | Build | Farm |
| 26:59 | Build | Farm |
| 27:20 | Build | Farm |
| 27:27 | Research | Caravan |
| 27:31 | Create | Villager (Male) |
| 27:32 | Create | Villager (Male) |
| 27:32 | Create | Villager (Male) |
| 27:45 | Build | Farm |
| 27:51 | Create | Villager (Male) |
| 28:12 | Create | Villager (Male) |
| 28:20 | Build | Farm |
| 28:27 | Build | House |
| 28:30 | Build | House |
| 28:33 | Build | House |
| 28:36 | Build | House |
| 28:41 | Create | Trade Cart |
| 28:41 | Create | Trade Cart |
| 28:41 | Create | Trade Cart |
| 28:57 | Build | Siege Workshop |
| 29:01 | Research | Chemistry |
| 29:06 | Create | Villager (Male) |
| 29:06 | Create | Villager (Male) |
| 29:07 | Create | Villager (Male) |
| 29:07 | Create | Villager (Male) |
| 29:07 | Create | Villager (Male) |
| 29:14 | Research | Bow Saw |
| 29:30 | Build | Farm |
| 29:34 | Build | Farm |
| 29:38 | Build | Farm |
| 29:50 | Build | Siege Workshop |
| 30:01 | Create | Villager (Male) |
| 30:06 | Build | Farm |
| 30:22 | Build | Barracks |
| 30:29 | Build | Barracks |
| 30:44 | Create | Bombard Cannon |
| 30:44 | Create | Bombard Cannon |
| 30:54 | Build | House |
| 30:56 | Build | House |
| 30:59 | Build | House |
| 31:05 | Build | Farm |
Build order — gpascual92
First 150 of 732 actions detected
| 0:09 | Research | Loom |
| 1:33 | Build | Palisade Wall |
| 1:39 | Build | Palisade Gate |
| 1:45 | Create | Villager (Male) |
| 1:45 | Create | Villager (Male) |
| 2:12 | Build | House |
| 2:20 | Create | Villager (Male) |
| 2:21 | Create | Villager (Male) |
| 2:49 | Build | House |
| 2:53 | Build | House |
| 2:59 | Create | Villager (Male) |
| 3:00 | Create | Villager (Male) |
| 3:20 | Create | Villager (Male) |
| 3:20 | Create | Villager (Male) |
| 3:46 | Create | Villager (Male) |
| 3:46 | Create | Villager (Male) |
| 4:19 | Create | Villager (Male) |
| 4:20 | Create | Villager (Male) |
| 5:33 | Create | Villager (Male) |
| 5:33 | Create | Villager (Male) |
| 5:33 | Create | Villager (Male) |
| 6:07 | Build | Mill |
| 6:10 | Create | Villager (Male) |
| 6:10 | Create | Villager (Male) |
| 7:05 | Create | Villager (Male) |
| 7:05 | Create | Villager (Male) |
| 7:30 | Create | Villager (Male) |
| 7:30 | Create | Villager (Male) |
| 8:06 | Create | Villager (Male) |
| 8:06 | Create | Villager (Male) |
| 8:37 | Create | Villager (Male) |
| 8:37 | Create | Villager (Male) |
| 9:21 | Build | Lumber Camp |
| 9:27 | Create | Villager (Male) |
| 10:23 | Create | Villager (Male) |
| 10:24 | Create | Villager (Male) |
| 11:07 | Create | Villager (Male) |
| 11:08 | Create | Villager (Male) |
| 11:45 | Build | Mining Camp |
| 12:24 | Research | Feudal Age |
| 12:36 | Build | Mill |
| 13:48 | Create | Villager (Male) |
| 13:48 | Create | Villager (Male) |
| 14:37 | Research | Horse Collar |
| 15:11 | Build | Market |
| 15:17 | Create | Villager (Male) |
| 15:34 | Build | House |
| 15:35 | Build | House |
| 15:37 | Build | House |
| 15:38 | Build | House |
| 15:49 | Create | Villager (Male) |
| 15:49 | Create | Villager (Male) |
| 15:56 | Build | Blacksmith |
| 16:46 | Create | Villager (Male) |
| 17:21 | Build | Stone Wall |
| 17:28 | Build | Gate |
| 17:46 | Build | Farm |
| 17:47 | Build | Farm |
| 17:48 | Build | Farm |
| 17:50 | Build | Farm |
| 17:51 | Build | Farm |
| 17:53 | Build | Farm |
| 17:54 | Build | Farm |
| 17:56 | Build | Farm |
| 17:57 | Build | Farm |
| 17:59 | Build | Farm |
| 18:00 | Build | Farm |
| 18:02 | Build | Farm |
| 18:27 | Build | Farm |
| 19:00 | Create | Trade Cart |
| 19:01 | Create | Trade Cart |
| 19:03 | Create | Trade Cart |
| 19:47 | Build | Mining Camp |
| 20:01 | Research | Castle Age |
| 20:31 | Create | Trade Cart |
| 20:31 | Create | Trade Cart |
| 20:54 | Research | Double-Bit Axe |
| 20:58 | Research | Gold Mining |
| 21:14 | Research | Stone Mining |
| 21:32 | Create | Trade Cart |
| 21:32 | Create | Trade Cart |
| 21:46 | Create | Trade Cart |
| 22:33 | Create | Trade Cart |
| 22:34 | Create | Trade Cart |
| 22:45 | Create | Villager (Male) |
| 22:45 | Create | Villager (Male) |
| 22:45 | Create | Villager (Male) |
| 23:52 | Create | Villager (Male) |
| 23:53 | Create | Villager (Male) |
| 24:15 | Build | Town Center |
| 24:33 | Create | Villager (Male) |
| 24:33 | Create | Villager (Male) |
| 24:43 | Research | Bow Saw |
| 24:49 | Research | Caravan |
| 25:30 | Research | Heavy Plow |
| 25:36 | Create | Villager (Male) |
| 25:36 | Create | Villager (Male) |
| 25:44 | Create | Villager (Male) |
| 25:44 | Create | Villager (Male) |
| 25:53 | Build | House |
| 25:54 | Build | House |
| 25:55 | Build | House |
| 25:56 | Build | House |
| 25:57 | Build | House |
| 26:15 | Build | University |
| 26:21 | Create | Villager (Male) |
| 26:21 | Create | Villager (Male) |
| 26:51 | Build | Monastery |
| 26:55 | Create | Villager (Male) |
| 26:58 | Research | Wheelbarrow |
| 26:59 | Create | Villager (Male) |
| 27:00 | Create | Villager (Male) |
| 27:34 | Build | Farm |
| 27:35 | Build | Farm |
| 27:36 | Build | Farm |
| 27:38 | Build | Farm |
| 27:41 | Create | Villager (Male) |
| 28:00 | Create | Villager (Male) |
| 28:41 | Build | Barracks |
| 28:42 | Build | Barracks |
| 28:45 | Build | Barracks |
| 28:46 | Build | Barracks |
| 28:53 | Build | Barracks |
| 29:05 | Create | Villager (Male) |
| 29:05 | Create | Villager (Male) |
| 29:13 | Create | Villager (Male) |
| 29:14 | Create | Villager (Male) |
| 30:04 | Build | Farm |
| 30:06 | Build | Farm |
| 30:07 | Build | Farm |
| 30:09 | Build | Farm |
| 30:12 | Build | Farm |
| 30:14 | Build | Farm |
| 30:16 | Build | Farm |
| 30:18 | Create | Villager (Male) |
| 30:19 | Create | Villager (Male) |
| 30:19 | Create | Villager (Male) |
| 30:30 | Research | Hand Cart |
| 31:16 | Create | Villager (Male) |
| 31:16 | Create | Villager (Male) |
| 31:30 | Research | Town Watch |
| 32:25 | Build | Archery Range |
| 32:27 | Build | Archery Range |
| 32:28 | Build | Archery Range |
| 32:30 | Build | Archery Range |
| 32:33 | Research | Imperial Age |
| 32:37 | Research | Squires |
| 32:51 | Research | Pikeman (upgrade) |
| 32:59 | Create | Fire Lancer |
| 32:59 | Create | Fire Lancer |
Build order — Jaereg
First 150 of 627 actions detected
| 0:06 | Build | House |
| 0:11 | Create | Villager (Male) |
| 0:12 | Create | Villager (Male) ×3 |
| 1:13 | Build | House |
| 2:17 | Create | Villager (Male) |
| 2:17 | Create | Villager (Male) |
| 2:18 | Create | Villager (Male) |
| 3:11 | Create | Villager (Male) |
| 3:12 | Create | Villager (Male) |
| 3:12 | Create | Villager (Male) |
| 3:12 | Create | Villager (Male) |
| 3:57 | Create | Villager (Male) |
| 3:57 | Create | Villager (Male) |
| 4:11 | Create | Villager (Male) |
| 4:12 | Create | Villager (Male) |
| 4:19 | Build | House |
| 4:32 | Build | House |
| 4:33 | Build | House |
| 4:41 | Build | House |
| 5:28 | Create | Villager (Male) |
| 5:28 | Create | Villager (Male) |
| 5:28 | Create | Villager (Male) |
| 5:28 | Create | Villager (Male) |
| 5:29 | Create | Villager (Male) |
| 5:45 | Create | Villager (Male) |
| 8:22 | Create | Villager (Male) |
| 8:22 | Create | Villager (Male) |
| 8:22 | Create | Villager (Male) |
| 8:23 | Create | Villager (Male) |
| 8:23 | Create | Villager (Male) |
| 8:23 | Create | Villager (Male) |
| 8:55 | Create | Villager (Male) |
| 10:11 | Build | Lumber Camp |
| 10:15 | Create | Villager (Male) |
| 10:15 | Create | Villager (Male) |
| 10:16 | Create | Villager (Male) |
| 10:16 | Create | Villager (Male) |
| 10:37 | Create | Villager (Male) |
| 10:37 | Create | Villager (Male) |
| 10:38 | Create | Villager (Male) |
| 10:38 | Create | Villager (Male) |
| 10:38 | Create | Villager (Male) |
| 11:13 | Build | Mill |
| 12:37 | Build | Farm |
| 12:38 | Build | Farm |
| 12:40 | Build | Farm |
| 12:42 | Build | Farm |
| 12:43 | Build | Farm |
| 12:44 | Build | Farm |
| 12:46 | Build | Farm |
| 12:48 | Build | Farm |
| 13:27 | Build | Farm |
| 13:32 | Build | Farm |
| 13:35 | Build | Farm |
| 13:37 | Build | Farm |
| 13:47 | Research | Feudal Age |
| 14:46 | Create | Villager (Male) |
| 14:56 | Build | House |
| 15:00 | Build | House |
| 15:19 | Build | Lumber Camp |
| 15:49 | Research | Loom |
| 16:28 | Build | Lumber Camp |
| 16:53 | Build | Market |
| 16:58 | Build | Blacksmith |
| 17:01 | Research | Wheelbarrow |
| 17:03 | Research | Double-Bit Axe |
| 17:05 | Research | Horse Collar |
| 17:12 | Create | Villager (Male) |
| 17:27 | Create | Villager (Male) |
| 17:44 | Research | Castle Age |
| 18:24 | Build | Mill |
| 18:29 | Create | Villager (Male) |
| 18:30 | Create | Villager (Male) |
| 20:20 | Create | Villager (Male) |
| 20:32 | Build | Mining Camp |
| 20:36 | Build | Farm |
| 20:38 | Build | Farm |
| 20:40 | Build | Farm |
| 21:00 | Build | Monastery |
| 21:09 | Research | Hand Cart |
| 21:36 | Create | Monk |
| 21:44 | Create | Villager (Male) |
| 22:03 | Build | University |
| 22:25 | Create | Villager (Male) |
| 23:08 | Research | Bow Saw |
| 23:10 | Create | Villager (Male) |
| 23:10 | Create | Villager (Male) |
| 23:10 | Create | Villager (Male) |
| 23:37 | Research | Treadmill Crane |
| 23:49 | Create | Villager (Male) |
| 24:17 | Build | Town Center |
| 24:43 | Create | Villager (Male) |
| 24:47 | Create | Villager (Male) |
| 25:08 | Build | Town Center |
| 25:34 | Create | Villager (Male) |
| 25:34 | Create | Villager (Male) |
| 25:34 | Create | Villager (Male) |
| 25:35 | Create | Villager (Male) |
| 25:35 | Create | Villager (Male) |
| 25:35 | Create | Villager (Male) |
| 25:35 | Create | Villager (Male) |
| 25:36 | Create | Villager (Male) |
| 25:36 | Create | Villager (Male) |
| 25:36 | Create | Villager (Male) |
| 25:36 | Create | Villager (Male) |
| 25:54 | Research | Fervor |
| 25:59 | Create | Villager (Male) |
| 26:00 | Create | Villager (Male) |
| 26:00 | Create | Villager (Male) |
| 26:00 | Create | Villager (Male) |
| 26:01 | Create | Villager (Male) |
| 26:05 | Create | Villager (Male) |
| 26:05 | Create | Villager (Male) |
| 26:27 | Build | Siege Workshop |
| 26:33 | Build | Siege Workshop |
| 26:37 | Build | Siege Workshop |
| 26:44 | Create | Villager (Male) |
| 26:44 | Create | Villager (Male) |
| 26:44 | Create | Villager (Male) |
| 26:44 | Create | Villager (Male) |
| 26:45 | Create | Villager (Male) |
| 26:45 | Create | Villager (Male) |
| 26:45 | Create | Villager (Male) |
| 27:00 | Build | House |
| 27:10 | Build | Mining Camp |
| 27:13 | Research | Gold Mining |
| 27:20 | Build | Lumber Camp |
| 27:24 | Create | Villager (Male) |
| 27:24 | Create | Villager (Male) |
| 27:25 | Create | Villager (Male) |
| 27:25 | Create | Villager (Male) |
| 27:25 | Create | Villager (Male) |
| 27:25 | Create | Villager (Male) |
| 27:26 | Create | Villager (Male) |
| 27:26 | Create | Villager (Male) |
| 27:26 | Create | Villager (Male) |
| 27:27 | Create | Villager (Male) |
| 27:27 | Create | Villager (Male) |
| 27:27 | Create | Villager (Male) |
| 27:27 | Create | Villager (Male) |
| 27:28 | Create | Villager (Male) |
| 27:28 | Create | Villager (Male) |
| 27:46 | Build | House |
| 27:49 | Build | House |
| 27:56 | Build | House |
| 27:57 | Build | House |
| 27:59 | Build | House |
| 28:01 | Build | House |
| 28:03 | Build | House |
| 28:04 | Build | House |
Build order — SkilzDatKilz845
First 150 of 584 actions detected
| 0:07 | Create | Villager (Male) |
| 0:11 | Build | House |
| 0:15 | Build | House |
| 0:19 | Build | House |
| 1:28 | Build | Palisade Wall |
| 1:52 | Build | Palisade Gate |
| 2:01 | Create | Villager (Male) |
| 2:01 | Create | Villager (Male) |
| 2:01 | Create | Villager (Male) |
| 2:21 | Create | Villager (Male) |
| 2:41 | Build | Outpost |
| 2:51 | Build | Outpost |
| 3:16 | Research | Loom |
| 3:18 | Create | Villager (Male) |
| 3:32 | Create | Villager (Male) |
| 3:32 | Create | Villager (Male) |
| 4:09 | Create | Villager (Male) |
| 4:22 | Create | Villager (Male) |
| 4:49 | Create | Villager (Male) |
| 5:19 | Create | Villager (Male) |
| 5:20 | Create | Villager (Male) |
| 5:58 | Create | Villager (Male) |
| 6:51 | Create | Villager (Male) |
| 6:51 | Create | Villager (Male) |
| 6:52 | Create | Villager (Male) |
| 7:03 | Build | House |
| 7:08 | Build | House |
| 7:16 | Build | Lumber Camp |
| 7:28 | Create | Villager (Male) |
| 7:36 | Build | Mill |
| 7:58 | Build | Mill |
| 8:05 | Create | Villager (Male) |
| 9:43 | Create | Villager (Male) |
| 10:26 | Create | Villager (Male) |
| 10:26 | Create | Villager (Male) |
| 10:26 | Create | Villager (Male) |
| 10:27 | Create | Villager (Male) |
| 10:27 | Create | Villager (Male) |
| 10:27 | Create | Villager (Male) |
| 10:28 | Create | Villager (Male) |
| 11:06 | Create | Villager (Male) |
| 11:57 | Build | Mill |
| 12:21 | Build | Mining Camp |
| 12:38 | Create | Villager (Male) |
| 12:38 | Create | Villager (Male) |
| 12:39 | Create | Villager (Male) |
| 13:11 | Create | Villager (Male) ×5 |
| 13:47 | Create | Villager (Male) |
| 13:52 | Build | House |
| 13:57 | Build | House |
| 14:14 | Research | Feudal Age |
| 14:40 | Create | Villager (Male) |
| 14:40 | Create | Villager (Male) |
| 14:41 | Create | Villager (Male) |
| 14:54 | Build | House |
| 15:04 | Build | House |
| 15:06 | Build | House |
| 15:07 | Build | House |
| 15:14 | Build | House |
| 15:17 | Build | House |
| 15:19 | Build | House |
| 15:20 | Build | House |
| 15:35 | Build | Barracks |
| 16:13 | Build | Farm |
| 16:13 | Build | Farm |
| 16:14 | Build | Farm |
| 16:14 | Build | Farm |
| 16:14 | Build | Farm |
| 16:15 | Build | Farm |
| 16:15 | Build | Farm |
| 16:15 | Build | Farm |
| 16:24 | Build | Mill |
| 16:50 | Create | Villager (Male) |
| 16:50 | Create | Villager (Male) |
| 17:06 | Build | Stone Wall |
| 17:22 | Build | Gate |
| 17:31 | Research | Wheelbarrow |
| 17:40 | Build | Archery Range |
| 17:56 | Build | Farm |
| 18:15 | Research | Double-Bit Axe |
| 18:50 | Build | Mining Camp |
| 19:04 | Build | Blacksmith |
| 19:45 | Research | Castle Age |
| 19:56 | Create | Villager (Male) |
| 19:56 | Create | Villager (Male) |
| 20:15 | Create | Archer ×5 |
| 20:21 | Create | Archer ×4 |
| 21:18 | Research | Horse Collar |
| 22:11 | Build | House |
| 22:16 | Build | House |
| 22:18 | Build | House |
| 22:19 | Build | House |
| 22:31 | Build | House |
| 22:32 | Build | House |
| 22:33 | Build | House |
| 22:35 | Build | House |
| 22:36 | Build | House |
| 22:49 | Build | University |
| 22:55 | Build | Monastery |
| 23:11 | Research | Bow Saw |
| 23:15 | Research | Heavy Plow |
| 23:42 | Build | Market |
| 24:02 | Build | Farm |
| 24:03 | Build | Farm |
| 24:07 | Create | Villager (Male) |
| 24:08 | Create | Villager (Male) |
| 24:08 | Create | Villager (Male) |
| 24:08 | Create | Villager (Male) |
| 24:08 | Create | Villager (Male) |
| 24:09 | Create | Villager (Male) |
| 24:21 | Research | Crossbowman (upgrade) |
| 24:26 | Research | Fletching |
| 24:33 | Research | Fortified Wall (upgrade) |
| 24:39 | Create | Monk |
| 24:43 | Research | Herbal Medicine |
| 26:12 | Build | Castle |
| 26:24 | Create | Villager (Male) |
| 26:24 | Create | Villager (Male) |
| 26:41 | Build | Town Center |
| 27:11 | Build | Lumber Camp |
| 27:22 | Build | Farm |
| 27:33 | Create | Longbowman |
| 27:34 | Create | Longbowman |
| 27:34 | Create | Longbowman |
| 27:34 | Create | Longbowman |
| 27:47 | Create | Villager (Male) |
| 27:47 | Create | Villager (Male) |
| 27:48 | Create | Villager (Male) |
| 27:48 | Create | Villager (Male) |
| 27:55 | Create | Villager (Male) ×5 |
| 27:55 | Create | Villager (Male) ×5 |
| 28:13 | Create | Villager (Male) ×4 |
| 28:32 | Create | Longbowman |
| 28:32 | Create | Longbowman |
| 28:35 | Create | Archer |
| 28:35 | Create | Archer |
| 28:45 | Research | Bodkin Arrow |
| 29:10 | Build | Town Center |
| 29:21 | Research | Pikeman (upgrade) |
| 29:22 | Research | Gambesons |
| 30:03 | Create | Trade Cart ×4 |
| 30:09 | Create | Villager (Male) ×5 |
| 30:22 | Create | Longbowman ×5 |
| 30:25 | Create | Archer ×4 |
| 30:40 | Build | Mining Camp |
| 31:03 | Build | Stone Wall |
| 31:19 | Create | Villager (Male) ×5 |
| 31:35 | Research | Imperial Age |
| 31:38 | Create | Villager (Male) ×2 |
| 31:56 | Create | Villager (Male) ×2 |
Build order — FuuraaX
First 150 of 801 actions detected
| 0:04 | Research | Loom |
| 0:05 | Create | Villager (Male) |
| 0:05 | Create | Villager (Male) |
| 0:05 | Create | Villager (Male) |
| 0:05 | Create | Villager (Male) |
| 0:06 | Create | Villager (Male) |
| 0:11 | Build | House |
| 0:25 | Build | Palisade Wall |
| 2:16 | Create | Villager (Male) |
| 2:16 | Create | Villager (Male) |
| 2:45 | Build | House |
| 2:45 | Build | House |
| 2:46 | Build | House |
| 2:50 | Create | Villager (Male) |
| 2:50 | Create | Villager (Male) |
| 2:50 | Create | Villager (Male) |
| 3:16 | Create | Villager (Male) |
| 3:16 | Create | Villager (Male) |
| 3:38 | Build | House |
| 3:48 | Create | Villager (Male) |
| 3:48 | Create | Villager (Male) |
| 4:23 | Create | Villager (Male) |
| 4:24 | Create | Villager (Male) |
| 4:24 | Create | Villager (Male) |
| 5:08 | Create | Villager (Male) |
| 5:08 | Create | Villager (Male) |
| 5:08 | Create | Villager (Male) |
| 5:28 | Create | Villager (Male) |
| 5:28 | Create | Villager (Male) |
| 5:29 | Create | Villager (Male) |
| 5:45 | Create | Villager (Male) |
| 5:45 | Create | Villager (Male) |
| 6:21 | Create | Villager (Male) |
| 6:21 | Create | Villager (Male) |
| 6:21 | Create | Villager (Male) |
| 8:00 | Create | Villager (Male) |
| 8:00 | Create | Villager (Male) |
| 8:01 | Create | Villager (Male) |
| 8:18 | Build | Mill |
| 8:43 | Create | Villager (Male) |
| 8:44 | Create | Villager (Male) |
| 9:30 | Build | Mill |
| 10:02 | Create | Villager (Male) |
| 10:02 | Create | Villager (Male) |
| 10:02 | Create | Villager (Male) |
| 11:08 | Create | Villager (Male) |
| 11:08 | Create | Villager (Male) |
| 11:08 | Create | Villager (Male) |
| 11:20 | Build | Lumber Camp |
| 11:29 | Create | Villager (Male) |
| 11:29 | Create | Villager (Male) |
| 11:29 | Create | Villager (Male) |
| 12:07 | Build | House |
| 12:14 | Build | House |
| 12:16 | Build | House |
| 12:18 | Build | House |
| 12:19 | Build | House |
| 12:20 | Build | House |
| 12:36 | Build | Mill |
| 12:47 | Research | Feudal Age |
| 13:05 | Build | Mining Camp |
| 13:25 | Create | Villager (Male) |
| 13:25 | Create | Villager (Male) |
| 13:25 | Create | Villager (Male) |
| 13:26 | Create | Villager (Male) |
| 14:20 | Build | Farm |
| 14:23 | Build | Farm |
| 14:26 | Build | Farm |
| 14:29 | Build | Farm |
| 14:34 | Build | Farm |
| 14:53 | Build | Mining Camp |
| 15:12 | Create | Villager (Male) |
| 15:13 | Create | Villager (Male) |
| 15:13 | Create | Villager (Male) |
| 15:13 | Create | Villager (Male) |
| 15:21 | Build | Farm |
| 15:53 | Create | Villager (Male) |
| 16:27 | Research | Feudal Age |
| 16:51 | Build | Lumber Camp |
| 19:23 | Build | Farm |
| 19:26 | Build | Farm |
| 19:33 | Build | Farm |
| 19:37 | Build | Farm |
| 19:40 | Build | Farm |
| 19:50 | Build | Market |
| 19:56 | Create | Villager (Male) |
| 19:56 | Create | Villager (Male) |
| 19:57 | Create | Villager (Male) |
| 19:57 | Create | Villager (Male) |
| 19:57 | Create | Villager (Male) |
| 20:10 | Build | Blacksmith |
| 20:25 | Build | Stone Wall |
| 20:26 | Build | Stone Wall |
| 20:28 | Build | Stone Wall |
| 21:15 | Research | Castle Age |
| 21:47 | Build | Mining Camp |
| 24:11 | Create | Villager (Male) |
| 24:12 | Create | Villager (Male) |
| 24:12 | Create | Villager (Male) |
| 24:12 | Create | Villager (Male) |
| 24:12 | Create | Villager (Male) |
| 24:46 | Build | Mining Camp |
| 24:53 | Build | Mining Camp |
| 25:04 | Build | Castle |
| 25:32 | Build | House |
| 25:33 | Build | House |
| 25:33 | Build | House |
| 25:33 | Build | House |
| 25:33 | Build | House |
| 25:33 | Build | House |
| 25:34 | Build | House |
| 25:34 | Build | House |
| 25:36 | Build | House |
| 25:37 | Build | House |
| 25:37 | Build | House |
| 25:37 | Build | House |
| 25:37 | Build | House |
| 25:38 | Build | House |
| 25:38 | Build | House |
| 25:38 | Build | House |
| 25:38 | Build | House |
| 25:39 | Build | House |
| 26:01 | Build | Town Center |
| 26:21 | Research | Imperial Age |
| 26:42 | Create | Hussite Wagon |
| 26:42 | Create | Hussite Wagon |
| 26:42 | Create | Hussite Wagon |
| 26:43 | Create | Hussite Wagon |
| 27:24 | Create | Hussite Wagon |
| 27:24 | Create | Hussite Wagon |
| 27:25 | Create | Hussite Wagon |
| 27:36 | Build | Town Center |
| 27:44 | Create | Villager (Male) |
| 27:44 | Create | Villager (Male) |
| 27:44 | Create | Villager (Male) |
| 27:45 | Create | Villager (Male) |
| 28:04 | Create | Hussite Wagon |
| 28:04 | Create | Hussite Wagon |
| 28:04 | Create | Hussite Wagon |
| 28:20 | Build | Farm |
| 28:40 | Build | Farm |
| 28:58 | Create | Villager (Male) |
| 28:58 | Create | Villager (Male) |
| 28:58 | Create | Villager (Male) |
| 28:59 | Create | Villager (Male) |
| 29:00 | Create | Villager (Male) |
| 29:06 | Build | Farm |
| 29:13 | Create | Hussite Wagon |
| 29:15 | Create | Hussite Wagon |
| 29:15 | Create | Hussite Wagon |
Build order — Scout22562
First 150 of 422 actions detected
| 0:02 | Create | Villager (Male) |
| 0:03 | Create | Villager (Male) |
| 0:03 | Create | Villager (Male) |
| 0:05 | Build | House |
| 0:23 | Research | Loom |
| 0:25 | Create | Villager (Male) |
| 0:26 | Create | Villager (Male) |
| 0:26 | Create | Villager (Male) |
| 0:26 | Create | Villager (Male) |
| 0:48 | Build | Palisade Wall |
| 1:11 | Build | Palisade Wall |
| 2:53 | Create | Villager (Male) |
| 2:53 | Create | Villager (Male) |
| 3:10 | Build | Outpost |
| 3:20 | Build | House |
| 3:26 | Create | Villager (Male) |
| 4:20 | Create | Villager (Male) |
| 4:31 | Create | Villager (Male) |
| 4:52 | Create | Villager (Male) |
| 6:11 | Create | Villager (Male) |
| 6:26 | Build | Lumber Camp |
| 8:45 | Build | Mill |
| 8:50 | Create | Villager (Male) |
| 8:50 | Create | Villager (Male) |
| 8:53 | Create | Villager (Male) |
| 8:57 | Build | House |
| 9:00 | Build | House |
| 9:06 | Create | Villager (Male) |
| 9:43 | Research | Wheelbarrow |
| 10:23 | Build | Mill |
| 10:30 | Create | Villager (Male) |
| 11:00 | Research | Feudal Age |
| 12:14 | Create | Villager (Male) |
| 12:15 | Create | Villager (Male) |
| 12:33 | Research | Horse Collar |
| 12:35 | Research | Double-Bit Axe |
| 12:51 | Create | Villager (Male) |
| 13:11 | Build | Mill |
| 14:01 | Build | Stone Wall |
| 14:06 | Build | Gate |
| 14:11 | Create | Villager (Male) |
| 14:32 | Create | Villager (Male) |
| 14:35 | Build | Mining Camp |
| 15:05 | Build | Farm |
| 15:06 | Build | Farm |
| 15:08 | Create | Villager (Male) |
| 15:08 | Create | Villager (Male) |
| 15:44 | Build | House |
| 15:45 | Build | House |
| 16:14 | Create | Villager (Male) |
| 16:43 | Create | Villager (Male) |
| 17:11 | Create | Villager (Male) |
| 17:21 | Build | Barracks |
| 17:26 | Create | Villager (Male) |
| 17:59 | Build | Mining Camp |
| 18:04 | Create | Villager (Male) |
| 18:19 | Create | Villager (Male) |
| 18:56 | Build | Lumber Camp |
| 19:05 | Create | Villager (Male) |
| 19:26 | Create | Villager (Male) |
| 19:28 | Create | Villager (Male) |
| 19:32 | Build | Farm |
| 19:42 | Build | House |
| 19:43 | Build | House |
| 20:06 | Build | Farm |
| 20:17 | Build | Market |
| 20:25 | Build | Farm |
| 20:32 | Create | Villager (Male) |
| 20:46 | Build | Stable |
| 21:10 | Create | Villager (Male) |
| 21:31 | Research | Castle Age |
| 21:31 | Research | Castle Age |
| 21:40 | Create | Scout Cavalry |
| 21:45 | Build | Farm |
| 23:16 | Build | Farm |
| 23:17 | Build | Farm |
| 23:17 | Build | Farm |
| 23:59 | Create | Villager (Male) |
| 24:01 | Create | Villager (Male) |
| 24:02 | Create | Villager (Male) |
| 24:02 | Research | Town Watch |
| 24:23 | Build | Town Center |
| 24:33 | Build | Town Center |
| 24:59 | Create | Villager (Male) |
| 24:59 | Create | Villager (Male) |
| 25:12 | Build | Lumber Camp |
| 25:26 | Build | Mining Camp |
| 25:45 | Create | Villager (Male) ×4 |
| 25:49 | Build | Farm |
| 26:02 | Build | Stable |
| 26:07 | Build | Stable |
| 26:09 | Build | Stable |
| 26:10 | Build | Stable |
| 26:20 | Build | Farm |
| 26:21 | Build | Farm |
| 26:21 | Build | Farm |
| 26:22 | Build | Farm |
| 26:32 | Create | Villager (Male) ×3 |
| 26:37 | Build | Farm |
| 26:38 | Build | Farm |
| 27:10 | Build | Farm |
| 27:12 | Create | Villager (Male) ×3 |
| 27:23 | Create | Villager (Male) |
| 27:27 | Build | Farm |
| 27:28 | Build | Farm |
| 27:53 | Create | Villager (Male) |
| 28:08 | Create | Villager (Male) ×3 |
| 28:20 | Build | House |
| 28:21 | Build | House |
| 28:22 | Build | House |
| 28:23 | Build | House |
| 28:33 | Build | Monastery |
| 28:41 | Create | Villager (Male) ×4 |
| 28:58 | Build | Castle |
| 29:09 | Build | University |
| 29:14 | Create | Villager (Male) ×4 |
| 29:43 | Research | Bow Saw |
| 29:45 | Create | Villager (Male) |
| 29:49 | Create | Villager (Male) |
| 30:02 | Create | Villager (Male) |
| 30:11 | Create | Trade Cart |
| 30:20 | Research | Caravan |
| 30:21 | Create | Trade Cart ×3 |
| 30:25 | Create | Villager (Male) |
| 30:27 | Create | Monk |
| 30:30 | Build | Farm |
| 30:30 | Build | Farm |
| 30:31 | Build | Farm |
| 30:43 | Create | Villager (Male) |
| 31:10 | Build | Blacksmith |
| 31:18 | Create | Villager (Male) ×5 |
| 31:32 | Create | Monk |
| 32:17 | Build | Siege Workshop |
| 32:22 | Build | Siege Workshop |
| 32:23 | Build | Siege Workshop |
| 32:25 | Create | Villager (Male) ×5 |
| 32:50 | Build | Siege Workshop |
| 32:56 | Build | Stable |
| 33:01 | Create | Villager (Male) ×5 |
| 33:06 | Build | Farm |
| 33:06 | Build | Farm |
| 33:31 | Research | Cavalier (upgrade) |
| 33:33 | Research | Husbandry |
| 33:46 | Build | Farm |
| 33:47 | Build | Farm |
| 33:47 | Build | Farm |
| 33:47 | Build | Farm |
| 34:05 | Build | Mining Camp |
| 34:11 | Build | Mill |
| 34:16 | Build | Farm |
Build order — waqarulhaq129
First 150 of 763 actions detected
| 0:06 | Build | House |
| 0:07 | Build | House |
| 0:13 | Create | Villager (Male) ×4 |
| 1:41 | Create | Villager (Male) |
| 1:41 | Create | Villager (Male) |
| 1:41 | Create | Villager (Male) |
| 2:08 | Create | Villager (Male) |
| 2:36 | Create | Villager (Male) |
| 2:36 | Create | Villager (Male) |
| 2:36 | Create | Villager (Male) |
| 2:55 | Build | Mill |
| 3:33 | Create | Villager (Male) |
| 3:33 | Create | Villager (Male) |
| 3:33 | Create | Villager (Male) |
| 3:34 | Create | Villager (Male) |
| 3:34 | Create | Villager (Male) |
| 3:40 | Build | House |
| 4:01 | Build | House |
| 5:06 | Create | Villager (Male) |
| 5:06 | Create | Villager (Male) |
| 5:07 | Create | Villager (Male) |
| 5:22 | Create | Villager (Male) |
| 5:22 | Create | Villager (Male) |
| 5:23 | Create | Villager (Male) |
| 5:59 | Create | Villager (Male) |
| 5:59 | Create | Villager (Male) |
| 5:59 | Create | Villager (Male) |
| 5:59 | Create | Villager (Male) |
| 5:59 | Create | Villager (Male) |
| 6:17 | Create | Villager (Male) |
| 6:17 | Create | Villager (Male) |
| 6:31 | Create | Villager (Male) |
| 6:31 | Create | Villager (Male) |
| 9:04 | Build | Lumber Camp |
| 9:45 | Research | Feudal Age |
| 10:11 | Build | House |
| 10:12 | Build | House |
| 11:20 | Build | Mining Camp |
| 12:04 | Research | Double-Bit Axe |
| 12:06 | Research | Horse Collar |
| 12:17 | Build | Blacksmith |
| 12:24 | Build | Market |
| 12:37 | Build | Farm |
| 12:39 | Build | Farm |
| 12:40 | Build | Farm |
| 12:45 | Build | Farm |
| 13:08 | Build | Farm |
| 13:34 | Build | Farm |
| 13:47 | Create | Villager (Male) |
| 14:06 | Build | Farm |
| 14:13 | Build | Farm |
| 14:23 | Build | Farm |
| 14:45 | Create | Villager (Male) |
| 15:01 | Build | Farm |
| 15:05 | Research | Castle Age |
| 15:19 | Build | Mining Camp |
| 16:20 | Build | Barracks |
| 16:54 | Research | Forging |
| 16:55 | Research | Scale Mail Armor |
| 16:58 | Research | Fletching |
| 17:53 | Build | Town Center |
| 17:57 | Create | Villager (Male) |
| 17:57 | Create | Villager (Male) |
| 17:57 | Create | Villager (Male) |
| 17:57 | Create | Villager (Male) |
| 17:57 | Create | Villager (Male) |
| 18:25 | Create | Villager (Male) |
| 18:25 | Create | Villager (Male) |
| 18:25 | Create | Villager (Male) |
| 18:25 | Create | Villager (Male) |
| 19:12 | Create | Villager (Male) |
| 19:12 | Create | Villager (Male) |
| 19:12 | Create | Villager (Male) |
| 19:12 | Create | Villager (Male) |
| 19:41 | Build | Farm |
| 19:51 | Create | Villager (Male) |
| 19:51 | Create | Villager (Male) |
| 19:55 | Create | Villager (Male) |
| 19:55 | Create | Villager (Male) |
| 19:56 | Create | Villager (Male) |
| 19:56 | Create | Villager (Male) |
| 19:56 | Create | Villager (Male) |
| 20:24 | Build | Market |
| 20:47 | Build | Monastery |
| 20:52 | Build | University |
| 21:01 | Research | Wheelbarrow |
| 21:35 | Build | Archery Range |
| 21:44 | Build | House |
| 21:45 | Build | House |
| 21:47 | Build | House |
| 21:52 | Create | Villager (Male) |
| 21:52 | Create | Villager (Male) |
| 21:53 | Create | Villager (Male) |
| 21:53 | Create | Villager (Male) |
| 22:04 | Build | Farm |
| 22:08 | Build | Farm |
| 22:18 | Build | Farm |
| 22:21 | Build | Farm |
| 22:22 | Build | Farm |
| 22:25 | Build | Farm |
| 22:42 | Research | Heavy Plow |
| 23:02 | Build | Castle |
| 23:14 | Create | Monk |
| 23:20 | Create | Villager (Male) |
| 23:21 | Create | Villager (Male) |
| 23:21 | Create | Villager (Male) |
| 23:21 | Create | Villager (Male) |
| 23:38 | Create | Villager (Male) |
| 23:38 | Create | Villager (Male) |
| 23:38 | Create | Villager (Male) |
| 23:47 | Build | Town Center |
| 23:53 | Create | Villager (Male) |
| 23:54 | Create | Villager (Male) |
| 23:54 | Create | Villager (Male) |
| 23:54 | Create | Villager (Male) |
| 23:57 | Create | Villager (Male) |
| 23:57 | Create | Villager (Male) |
| 24:03 | Build | Farm |
| 24:10 | Build | Farm |
| 24:15 | Build | Farm |
| 24:16 | Build | Farm |
| 24:51 | Create | Trade Cart |
| 24:52 | Create | Trade Cart |
| 24:52 | Create | Trade Cart |
| 25:07 | Create | Villager (Male) |
| 25:07 | Create | Villager (Male) |
| 25:10 | Create | Villager (Male) |
| 25:10 | Create | Villager (Male) |
| 25:17 | Build | Farm |
| 25:18 | Build | Farm |
| 25:19 | Build | Farm |
| 25:22 | Build | Farm |
| 25:30 | Create | Villager (Male) |
| 25:30 | Create | Villager (Male) |
| 25:30 | Create | Villager (Male) |
| 25:31 | Create | Villager (Male) |
| 25:31 | Create | Villager (Male) |
| 25:31 | Create | Villager (Male) |
| 25:31 | Create | Villager (Male) |
| 25:48 | Build | Mining Camp |
| 25:50 | Create | Villager (Male) |
| 25:50 | Create | Villager (Male) |
| 25:53 | Create | Villager (Male) |
| 25:54 | Create | Villager (Male) |
| 25:54 | Create | Villager (Male) |
| 25:54 | Create | Villager (Male) |
| 26:06 | Build | Farm |
| 26:28 | Build | Mining Camp |
| 26:32 | Research | Pikeman (upgrade) |
| 27:04 | Research | Bow Saw |
Build order — ★秧★FISHY
First 150 of 608 actions detected
| 0:38 | Build | House |
| 0:43 | Research | Loom |
| 0:43 | Create | Villager (Male) |
| 0:43 | Create | Villager (Male) |
| 0:44 | Create | Villager (Male) |
| 0:44 | Create | Villager (Male) |
| 0:44 | Create | Villager (Male) |
| 0:44 | Create | Villager (Male) |
| 1:14 | Build | House |
| 1:17 | Build | House |
| 1:22 | Build | House |
| 2:45 | Build | Lumber Camp |
| 2:53 | Create | Villager (Male) ×2 |
| 3:32 | Create | Villager (Male) |
| 4:36 | Create | Villager (Male) ×2 |
| 5:08 | Create | Villager (Male) |
| 5:08 | Create | Villager (Male) |
| 5:09 | Create | Villager (Male) |
| 5:31 | Create | Villager (Male) |
| 5:32 | Create | Villager (Male) |
| 5:48 | Build | Mill |
| 6:54 | Create | Villager (Male) ×3 |
| 6:55 | Create | Villager (Male) ×3 |
| 7:34 | Create | Villager (Male) |
| 7:34 | Create | Villager (Male) |
| 7:34 | Create | Villager (Male) |
| 7:34 | Create | Villager (Male) |
| 7:58 | Build | Mining Camp |
| 8:05 | Create | Villager (Male) |
| 8:05 | Create | Villager (Male) |
| 8:06 | Create | Villager (Male) |
| 8:10 | Create | Villager (Male) |
| 8:58 | Build | Mining Camp |
| 9:12 | Create | Villager (Male) |
| 9:13 | Create | Villager (Male) |
| 9:13 | Create | Villager (Male) |
| 9:13 | Create | Villager (Male) |
| 10:30 | Build | Mill |
| 11:04 | Create | Villager (Male) |
| 12:02 | Research | Feudal Age |
| 14:41 | Build | Stone Wall |
| 14:48 | Build | Gate |
| 15:14 | Research | Horse Collar |
| 15:20 | Research | Double-Bit Axe |
| 15:24 | Research | Wheelbarrow |
| 15:41 | Build | Farm |
| 15:41 | Build | Farm |
| 15:41 | Build | Farm |
| 15:41 | Build | Farm |
| 15:42 | Build | Farm |
| 15:42 | Build | Farm |
| 15:42 | Build | Farm |
| 15:42 | Build | Farm |
| 15:43 | Build | Farm |
| 15:43 | Build | Farm |
| 15:43 | Build | Farm |
| 15:43 | Build | Farm |
| 17:28 | Build | Stone Wall |
| 17:29 | Build | Stone Wall |
| 17:40 | Build | Farm |
| 17:41 | Build | Farm |
| 17:41 | Build | Farm |
| 17:41 | Build | Farm |
| 17:41 | Build | Farm |
| 17:42 | Build | Farm |
| 17:42 | Build | Farm |
| 18:00 | Build | Market |
| 18:05 | Research | Castle Age |
| 18:13 | Build | House |
| 18:14 | Build | House |
| 18:15 | Build | House |
| 18:16 | Build | House |
| 18:19 | Build | House |
| 18:44 | Build | Stone Wall |
| 19:26 | Build | Stone Wall |
| 19:32 | Build | Gate |
| 19:48 | Research | Gold Mining |
| 19:54 | Research | Stone Mining |
| 20:55 | Create | Trade Cart |
| 20:56 | Create | Trade Cart |
| 21:13 | Create | Villager (Male) |
| 21:14 | Create | Villager (Male) |
| 21:14 | Create | Villager (Male) |
| 21:14 | Create | Villager (Male) |
| 21:15 | Create | Villager (Male) |
| 21:15 | Create | Villager (Male) |
| 21:15 | Create | Villager (Male) |
| 21:52 | Build | Town Center |
| 22:22 | Build | Lumber Camp |
| 22:25 | Create | Villager (Male) |
| 22:26 | Create | Villager (Male) |
| 22:26 | Create | Villager (Male) |
| 22:26 | Create | Villager (Male) |
| 22:26 | Create | Villager (Male) |
| 23:06 | Build | Stone Wall |
| 23:17 | Build | Stone Wall |
| 23:21 | Build | Stone Wall |
| 23:24 | Build | Stone Wall |
| 23:30 | Build | Gate |
| 23:36 | Build | Gate |
| 23:40 | Build | Gate |
| 23:49 | Create | Villager (Male) ×5 |
| 23:50 | Create | Villager (Male) ×5 |
| 23:50 | Create | Villager (Male) ×2 |
| 23:50 | Create | Villager (Male) ×2 |
| 23:50 | Create | Villager (Male) ×2 |
| 24:13 | Build | Town Center |
| 24:42 | Create | Trade Cart |
| 24:50 | Research | Heavy Plow |
| 25:08 | Research | Hand Cart |
| 25:12 | Create | Villager (Male) |
| 25:12 | Create | Villager (Male) |
| 25:12 | Create | Villager (Male) |
| 25:12 | Create | Villager (Male) |
| 25:13 | Create | Villager (Male) |
| 25:27 | Create | Villager (Male) ×2 |
| 25:28 | Create | Villager (Male) ×2 |
| 25:40 | Build | Farm |
| 25:40 | Build | Farm |
| 25:40 | Build | Farm |
| 25:40 | Build | Farm |
| 25:41 | Build | Farm |
| 25:41 | Build | Farm |
| 25:41 | Build | Farm |
| 25:41 | Build | Farm |
| 25:41 | Build | Farm |
| 25:42 | Build | Farm |
| 25:42 | Build | Farm |
| 25:54 | Create | Villager (Male) ×3 |
| 25:54 | Create | Villager (Male) ×3 |
| 25:54 | Create | Villager (Male) ×3 |
| 26:09 | Build | House |
| 26:10 | Build | House |
| 26:12 | Build | House |
| 26:13 | Build | House |
| 26:15 | Build | House |
| 26:20 | Create | Villager (Male) ×2 |
| 26:20 | Create | Villager (Male) ×3 |
| 26:20 | Create | Villager (Male) ×3 |
| 26:21 | Create | Villager (Male) |
| 26:58 | Create | Villager (Male) ×4 |
| 27:12 | Build | Farm |
| 27:12 | Build | Farm |
| 27:12 | Build | Farm |
| 27:13 | Build | Farm |
| 27:13 | Build | Farm |
| 27:13 | Build | Farm |
| 27:13 | Build | Farm |
| 27:14 | Build | Farm |
| 27:14 | Build | Farm |
Match timeline
| 0:25 | FuuraaX · wall_segment Palisade Wall x24 |
| 0:48 | Scout22562 · wall_segment Palisade Wall x22 |
| 1:11 | Scout22562 · wall_segment Palisade Wall x22 |
| 1:28 | SkilzDatKilz845 · wall_segment Palisade Wall x20 |
| 1:33 | gpascual92 · wall_segment Palisade Wall x11 |
| 14:01 | Scout22562 · wall_segment Stone Wall x28 |
| 14:41 | ★秧★FISHY · wall_segment Stone Wall x11 |
| 15:35 | SkilzDatKilz845 · first_building Barracks |
| 16:20 | waqarulhaq129 · first_building Barracks |
| 17:06 | SkilzDatKilz845 · wall_segment Stone Wall x20 |
| 17:21 | gpascual92 · wall_segment Stone Wall x9 |
| 17:21 | Scout22562 · first_building Barracks |
| 17:28 | ★秧★FISHY · wall_segment Stone Wall x1 |
| 17:29 | ★秧★FISHY · wall_segment Stone Wall x1 |
| 17:40 | SkilzDatKilz845 · first_building Archery Range |
| 17:41 | Jaereg · first_market_sell 100 wood |
| 18:44 | ★秧★FISHY · wall_segment Stone Wall x1 |
| 18:56 | Jaereg · tribute_sent a jugador 1 |
| 18:56 | Jaereg · tribute_sent a jugador 3 |
| 18:56 | Jaereg · tribute_sent a jugador 4 |
| 18:56 | Jaereg · tribute_sent a jugador 5 |
| 18:56 | Jaereg · tribute_sent a jugador 6 |
| 18:56 | Jaereg · tribute_sent a jugador 7 |
| 18:56 | Jaereg · tribute_sent a jugador 8 |
| 19:19 | Jaereg · tribute_sent a jugador 1 |
| 19:19 | Jaereg · tribute_sent a jugador 3 |
| 19:19 | Jaereg · tribute_sent a jugador 4 |
| 19:19 | Jaereg · tribute_sent a jugador 5 |
| 19:19 | Jaereg · tribute_sent a jugador 6 |
| 19:19 | Jaereg · tribute_sent a jugador 7 |
| 19:19 | Jaereg · tribute_sent a jugador 8 |
| 19:26 | ★秧★FISHY · wall_segment Stone Wall x13 |
| 20:07 | Black-hayce · first_building Monastery |
| 20:25 | FuuraaX · wall_segment Stone Wall x10 |
| 20:26 | FuuraaX · wall_segment Stone Wall x3 |
| 20:28 | FuuraaX · wall_segment Stone Wall x15 |
| 20:40 | waqarulhaq129 · first_market_buy 100 wood |
| 20:46 | Scout22562 · first_building Stable |
| 20:47 | waqarulhaq129 · first_building Monastery |
| 21:00 | Jaereg · first_building Monastery |
| 21:35 | waqarulhaq129 · first_building Archery Range |
| 22:55 | SkilzDatKilz845 · first_building Monastery |
| 23:02 | waqarulhaq129 · first_building Castle |
| 23:06 | ★秧★FISHY · wall_segment Stone Wall x31 |
| 23:17 | ★秧★FISHY · wall_segment Stone Wall x8 |
| 23:21 | ★秧★FISHY · wall_segment Stone Wall x5 |
| 23:24 | ★秧★FISHY · wall_segment Stone Wall x16 |
| 23:28 | Jaereg · first_market_buy 100 wood |
| 25:04 | FuuraaX · first_building Castle |
| 25:58 | Black-hayce · first_building Castle |
| 26:12 | SkilzDatKilz845 · first_building Castle |
| 26:27 | Jaereg · first_building Siege Workshop |
| 26:51 | gpascual92 · first_building Monastery |
| 28:33 | Scout22562 · first_building Monastery |
| 28:41 | gpascual92 · first_building Barracks |
| 28:57 | Black-hayce · first_building Siege Workshop |
| 28:58 | Scout22562 · first_building Castle |
| 30:13 | Jaereg · tribute_sent a jugador 1 |
| 30:13 | Jaereg · tribute_sent a jugador 3 |
| 30:13 | Jaereg · tribute_sent a jugador 4 |
| 30:13 | Jaereg · tribute_sent a jugador 5 |
| 30:13 | Jaereg · tribute_sent a jugador 6 |
| 30:13 | Jaereg · tribute_sent a jugador 7 |
| 30:13 | Jaereg · tribute_sent a jugador 8 |
| 30:22 | Black-hayce · first_building Barracks |
| 30:46 | waqarulhaq129 · first_building Siege Workshop |
| 31:03 | SkilzDatKilz845 · wall_segment Stone Wall x18 |
| 31:19 | FuuraaX · first_building Siege Workshop |
| 31:26 | Jaereg · tribute_sent a jugador 1 |
| 31:26 | Jaereg · tribute_sent a jugador 3 |
| 31:26 | Jaereg · tribute_sent a jugador 4 |
| 31:26 | Jaereg · tribute_sent a jugador 5 |
| 31:26 | Jaereg · tribute_sent a jugador 6 |
| 31:26 | Jaereg · tribute_sent a jugador 7 |
| 31:26 | Jaereg · tribute_sent a jugador 8 |
| 32:17 | Scout22562 · first_building Siege Workshop |
| 32:25 | gpascual92 · first_building Archery Range |
| 33:12 | ★秧★FISHY · first_building Castle |
| 35:02 | FuuraaX · wall_segment Stone Wall x18 |
| 35:05 | FuuraaX · wall_segment Stone Wall x5 |
| 35:14 | FuuraaX · wall_segment Stone Wall x25 |
| 35:31 | Scout22562 · first_market_buy 100 wood |
| 35:59 | Jaereg · first_building Barracks |
| 36:23 | ★秧★FISHY · first_building Stable |
| 36:28 | gpascual92 · wall_segment Stone Wall x15 |
| 37:02 | Jaereg · first_building Castle |
| 38:51 | Scout22562 · first_market_sell 500 wood |
| 39:18 | gpascual92 · first_building Stable |
| 39:49 | SkilzDatKilz845 · wall_segment Stone Wall x11 |
| 44:09 | Black-hayce · first_building Stable |
| 44:21 | ★秧★FISHY · tribute_sent a jugador 1 |
| 44:21 | ★秧★FISHY · tribute_sent a jugador 2 |
| 44:21 | ★秧★FISHY · tribute_sent a jugador 3 |
| 44:21 | ★秧★FISHY · tribute_sent a jugador 4 |
| 44:21 | ★秧★FISHY · tribute_sent a jugador 5 |
| 44:21 | ★秧★FISHY · tribute_sent a jugador 6 |
| 44:21 | ★秧★FISHY · tribute_sent a jugador 7 |
| 46:55 | gpascual92 · first_building Siege Workshop |
| 47:20 | Black-hayce · wall_segment Stone Wall x22 |
| 49:56 | SkilzDatKilz845 · first_market_sell 500 food |
| 51:30 | waqarulhaq129 · first_building Stable |
| 56:10 | Scout22562 · wall_segment Stone Wall x7 |
| 56:38 | waqarulhaq129 · first_market_sell 100 food |
| 57:07 | Jaereg · wall_segment Stone Wall x10 |
| 61:10 | FuuraaX · wall_segment Stone Wall x11 |
| 61:37 | Black-hayce · wall_segment Stone Wall x9 |
| 61:51 | FuuraaX · first_building Barracks |
| 62:53 | Black-hayce · wall_segment Stone Wall x6 |
| 63:45 | FuuraaX · wall_segment Stone Wall x1 |
| 64:16 | gpascual92 · first_building Castle |
| 67:58 | SkilzDatKilz845 · first_market_buy 500 stone |
| 68:01 | Scout22562 · wall_segment Stone Wall x10 |
| 68:06 | Scout22562 · wall_segment Stone Wall x7 |
| 68:10 | Scout22562 · wall_segment Stone Wall x8 |
| 74:19 | Scout22562 · wall_segment Stone Wall x10 |
| 74:36 | Scout22562 · wall_segment Stone Wall x4 |
| 77:37 | Scout22562 · wall_segment Stone Wall x12 |
| 84:42 | FuuraaX · resign |
[ AI ANALYSIS · 1 CREDIT ]
What really happened in this match?
Wolo.gg analyzes every decision: build order, eco, micro, common mistakes by bracket. Personalized analysis on WhatsApp or Discord in 30 seconds.
Civ guide
Spanish
Perfil
Jugador #5145677